AoeStats
← titanus-3

Lombardia

508936497Analyzed
3v3 RM · 6d ago on Sep 24, 2026· 47m 32s· 6 players
Game mode
Random Map
Map size
Normal (6 player)
Population
200
Speed
Normal
Resources
Standard
Victory
Conquest
Starting age
Dark Age
Ending age
Imperial Age
RankedLock teamsTeams togetherTeam positionsShared explorationLock speedFull tech treeHidden civsTurbo modeCheats
Victory
Defeat
🇩🇪 Vikings · Germany
1230
+15
🇩🇪 Maya · Germany
1228
+15
🇩🇪 Malay · Germany
1081
+21
🇭🇺 Saxons · Hungary
1228
-18
🇭🇺 Tupi · Hungary
1189
-17
🇭🇺 Byzantines · Hungary
1178
-16
Antillis
3:48 Loom
10:05 Feudal Age
10:38 Man-at-Arms
19:30 Castle Age
17:21 Double-Bit Axe
18:03 Horse Collar
28:44 Gold Mining
33:31 Imperial Age
32:10 Scale Mail Armor
32:21 Forging
32:14 Squires
34:28 Iron Casting
34:08 Chain Mail Armor
34:34 Gold Shaft Mining
33:32 Capped Ram
35:18 Conscription
34:24 Elite Berserk
34:36 Siege Ram
36:53 Blast Furnace
37:29 Plate Mail Armor
42:55 Fletching
43:14 Caravan
47:35 Conscription
47:21 Chieftains
titanus-3
9:59 Feudal Age
16:11 Double-Bit Axe
16:08 Horse Collar
21:32 Castle Age
19:33 Loom
20:42 Gold Mining
21:29 Wheelbarrow
22:31 Bow Saw
29:03 Stone Mining
30:44 Husbandry
34:44 Imperial Age
33:21 Heavy Plow
33:10 Town Watch
34:10 Hand Cart
35:44 Forging
35:40 Scale Barding Armor
37:14 Iron Casting
37:17 Elite Battle Elephant
41:32 Blast Furnace
41:09 Conscription
42:19 Gold Shaft Mining
42:19 Stone Shaft Mining
48:03 Caravan
tenshi
0:35 Loom
11:50 Feudal Age
15:53 Castle Age
14:05 Double-Bit Axe
16:46 Fletching
17:45 Bow Saw
18:46 Ballistics
18:55 Bodkin Arrow
21:29 Horse Collar
24:27 Wheelbarrow
32:44 Imperial Age
30:57 Padded Archer Armor
31:19 Heavy Plow
31:25 Gold Mining
32:31 Leather Archer Armor
32:45 Fortified Wall
33:38 Bracer
36:26 Chemistry
36:22 Ring Archer Armor
36:11 Elite Plumed Archer
38:15 Conscription
38:58 Forging
39:36 Thumb Ring
42:24 Eagle Warrior
44:51 Elite Eagle Warrior
45:33 Squires
45:18 Arson
45:36 Scale Mail Armor
46:11 Iron Casting
46:51 Chain Mail Armor
47:11 Holcans
szotyesz
8:56 Loom
11:49 Feudal Age
14:34 Wheelbarrow
17:13 Castle Age
22:37 Horse Collar
25:04 Scale Mail Armor
25:16 Squires
26:28 Chain Mail Armor
28:32 Fletching
28:42 Padded Archer Armor
31:18 Elite Skirmisher
33:11 Heavy Plow
40:38 Imperial Age
38:26 Hand Cart
38:00 Town Watch
38:25 Gold Mining
38:23 Double-Bit Axe
38:29 Stone Mining
43:12 Gold Shaft Mining
43:08 Crop Rotation
42:49 Bow Saw
43:24 Conscription
43:41 Plate Mail Armor
42:39 Shield Wall
44:14 Sappers
BodokoS
5:25 Loom
11:54 Feudal Age
15:56 Castle Age
20:42 Double-Bit Axe
21:18 Horse Collar
23:32 Fervor
23:54 Fletching
25:16 Bodkin Arrow
27:56 Padded Archer Armor
27:27 Elite Skirmisher
28:46 Bow Saw
30:09 Leather Archer Armor
32:30 Wheelbarrow
34:21 Hand Cart
38:42 Imperial Age
38:56 Imperial Age
38:26 Scale Barding Armor
39:28 Chain Barding Armor
39:19 Forging
39:00 Elite Cataphract
40:01 Conscription
40:07 Husbandry
40:09 Gold Mining
41:33 Plate Barding Armor
42:09 Hoardings
43:51 Gold Shaft Mining
43:06 Stone Mining
44:27 Thumb Ring
45:11 Iron Casting
44:37 Bracer
45:25 Ring Archer Armor
45:49 Logistica
Mityus
9:50 Loom
11:36 Feudal Age
16:18 Castle Age
14:52 Scale Mail Armor
14:15 Champi Runner
15:09 Double-Bit Axe
15:05 Horse Collar
15:14 Horse Collar
19:50 Fletching
20:02 Padded Archer Armor
23:40 Bodkin Arrow
24:05 Town Watch
25:10 Wheelbarrow
25:13 Ballistics
26:46 Leather Archer Armor
27:49 Elite Skirmisher
29:29 Bow Saw
29:52 Town Patrol
34:10 Imperial Age
35:08 Curare
34:27 Elite Blackwood Archer
35:33 Bracer
36:23 Ring Archer Armor
37:13 Chemistry
Connection lost

Rejoining the realm…

Still unreachable

The connection could not be restored.

Session expired

The server has moved on; the page needs a fresh start.